Map: Lightshade LE

Players

seRRal - Winner!

  • Race: Zerg Zerg
  • Spawn Location: 11:00

cure

  • Race: Terran Terran
  • Spawn Location: 5:00

Event: StayAtHome Story Cup #3

VOD

Have the link to the VOD?

Description

Time

  • Played on: March 14, 2021, 12:42 p.m.
  • Length: 16:30

All games in this series

Show
View Real Time Build Order
Export as new Build Order

seRRal Zerg - Winner!

Build Orders: Hatch First, Lurkers 

Get SALT Encoding   

  12  0:00  Drone  
  13  0:12  Overlord  
  13  0:17  Drone  
  14  0:30  Drone  
  14  0:31  Drone  
  16  0:48  Hatchery  
  15  0:51  Drone  
  15  0:55  Drone  
  17  0:58  Drone  
  18  1:09  Extractor  
  17  1:13  Spawning Pool  
  17  1:17  Drone  
  17  1:20  Drone  
  18  1:28  Drone  
  19  1:38  Drone  
  20  1:49  Drone  
  21  2:00  Queen x2  
  21  2:01  Zergling x4  
  27  2:11  Overlord  
  27  2:12  Drone  
  28  2:24  Hatchery  
  28  2:27  Drone  
  28  2:32  Drone  
  28  2:35  Spore Crawler  
  28  2:38  Drone x2  
  28  2:40  Metabolic Boost  
  31  2:47  Queen  
  33  2:52  Overlord  
  33  2:55  Drone  
  33  2:57  Drone  
  35  3:00  Drone  
  36  3:11  Drone x5  
  41  3:15  Overlord  
  41  3:21  Queen  
  41  3:24  Drone  
  44  3:32  Overlord  
  44  3:33  Queen  
  46  3:37  Queen  
  49  3:41  Drone x2  
  49  3:44  Zergling x2  
  49  3:45  Zergling x2  
  49  3:47  Zergling x2  
  53  3:49  Overlord  
  53  3:50  Drone  
  53  3:52  Drone  
  55  3:55  Drone  
  55  3:56  Drone  
  55  4:00  Drone x2  
  59  4:03  Zergling x2  
  59  4:04  Overlord  
  59  4:06  Drone x2  
  62  4:11  Queen  
  62  4:13  Overlord  
  63  4:19  Drone  
  63  4:20  Drone  
  63  4:23  Queen  
  67  4:29  Lair, Overlord  
  67  4:31  Extractor, Zergling x2  
  68  4:33  Overlord  
  68  4:35  Zergling x4  
  69  4:38  Baneling Nest  
  69  4:40  Drone x2  
  69  4:41  Drone  
  71  4:47  Queen  
  71  4:50  Drone x2, Spore Crawler  
  74  4:54  Overlord  
  74  4:55  Zergling x2  
  74  4:57  Drone x2  
  74  4:58  Drone  
  78  5:02  Overlord  
  78  5:03  Spore Crawler  
  78  5:05  Spore Crawler  
  76  5:13  Hatchery  
  75  5:14  Drone x2  
  75  5:17  Drone x2  
  75  5:20  Zergling x4  
  81  5:22  Drone  
  81  5:25  Extractor  
  81  5:26  Overlord  
  81  5:29  Zergling x2  
  81  5:30  Overseer  
  81  5:31  Drone  
  81  5:32  Drone  
  81  5:33  Drone x2  
  86  5:36  Drone x3  
  86  5:38  Overseer  
  86  5:39  Drone  
  86  5:40  Drone  
  91  5:45  Evolution Chamber  
  91  5:47  Drone x3, Evolution Chamber  
  91  5:48  Drone  
  93  5:52  Centrifical Hooks  
  93  5:53  Drone  
  94  5:58  Drone x2, Overlord  
  94  5:59  Drone  
  94  6:00  Drone  
  94  6:05  Drone x2  
  94  6:08  Drone x2  
  94  6:09  Drone x2  
  96  6:15  Zerg Melee Weapons Level 1  
  96  6:17  Drone  
  96  6:25  Drone x7  
  103  6:26  Extractor  
  103  6:27  Zerg Ground Armor Level 1  
  103  6:28  Drone x2  
  103  6:29  Extractor  
  103  6:32  Drone x2  
  105  6:33  Drone  
  105  6:37  Queen  
  108  6:40  Overlord  
  108  6:41  Drone x2  
  108  6:44  Spore Crawler  
  108  6:47  Baneling x8  
  109  6:51  Drone  
  109  6:52  Drone x2, Zergling x2  
  113  6:55  Zergling x2  
  113  6:57  Zergling x4  
  115  7:02  Zergling x2  
  115  7:03  Zergling x6  
  115  7:07  Zergling x2  
  120  7:11  Zergling x10  
  120  7:14  Pneumatized Carapace  
  120  7:15  Hatchery  
  124  7:16  Overseer  
  124  7:17  Baneling x7  
  124  7:18  Zergling x8  
  129  7:27  Zergling x2  
  129  7:28  Zergling x12  
  136  7:30  Hatchery  
  135  7:39  Overlord  
  135  7:41  Zergling x4  
  135  7:42  Zergling x10  
  141  7:48  Overlord x2  
  141  7:49  Overlord  
  141  7:50  Drone x2, Hatchery  
  142  7:51  Infestation Pit  
  142  7:54  Baneling  
  142  7:55  Baneling x4, Overseer  
  142  7:57  Overseer  
  141  8:02  Zergling x18  
  149  8:09  Zergling x6  
  145  8:14  Zergling x8  
  145  8:17  Baneling x4  
  145  8:19  Extractor  
  148  8:21  Extractor  
  148  8:24  Drone x6  
  148  8:26  Overlord  
  153  8:27  Hydralisk Den, Overlord  
  153  8:28  Zergling x6  
  155  8:34  Hive  
  155  8:37  Zergling x8  
  155  8:38  Zergling x2  
  155  8:40  Baneling x11  
  156  8:43  Zergling x14  
  156  8:45  Zerg Ground Armor Level 2, Zerg Melee Weapons Level 2  
  156  8:56  Zergling x18  
  156  9:00  Baneling x8  
  146  9:13  Zergling x2  
  146  9:14  Zergling x26  
  147  9:18  Burrow  
  147  9:21  Extractor, Lurker Den  
  147  9:23  Queen  
  147  9:24  Drone x8  
  151  9:31  Overlord  
  155  9:32  Drone  
  155  9:34  Zergling x14  
  163  9:38  Baneling  
  163  9:39  Baneling x8  
  163  9:40  Baneling x6  
  163  9:41  Baneling  
  162  9:46  Zergling x8, Spore Crawler  
  165  9:54  Muscular Augments  
  164  10:02  Drone x4  
  164  10:03  Drone x2  
  170  10:09  Hydralisk  
  170  10:10  Hydralisk x7  
  170  10:12  Baneling x5  
  170  10:13  Baneling  
  170  10:14  Zergling x6  
  184  10:19  Extractor x2  
  184  10:21  Drone x4  
  186  10:22  Drone x2  
  186  10:25  Overseer  
  186  10:34  Zergling x30  
  194  10:37  Seismic Spines  
  194  10:38  Baneling  
  194  10:39  Baneling x4  
  187  10:43  Drone x4  
  187  10:46  Lurker  
  185  10:58  Lurker x7  
  192  11:06  Grooved Spines  
  192  11:08  Hatchery  
  187  11:11  Zergling x20  
  187  11:16  Overlord  
  187  11:17  Overlord  
  196  11:20  Zerg Ground Armor Level 3  
  196  11:21  Zerg Missile Weapons Level 1, Spore Crawler, Spine Crawler  
  180  11:36  Zergling x36  
  183  11:41  Baneling x16  
  180  11:47  Viper x2  
  180  12:00  Zergling x26  
  193  12:02  Adaptive Talons  
  193  12:04  Baneling x3  
  190  12:17  Zergling x20  
  188  12:31  Zergling x26  
  197  12:38  Baneling x6  
  197  12:40  Zergling x6  
  197  12:41  Zergling x2  
  194  12:48  Baneling x5  
  186  12:57  Zergling x2  
  186  12:58  Zergling x44  
  183  13:08  Baneling x6  
  183  13:10  Adrenal Glands  
  179  13:14  Drone  
  179  13:15  Drone x2  
  179  13:16  Hydralisk  
  179  13:17  Hydralisk x9  
  195  13:25  Zerg Melee Weapons Level 3  
  195  13:35  Baneling  
  195  13:36  Baneling x27  
  195  13:48  Zergling x26  
  190  13:51  Lurker x3  
  176  13:56  Zergling x6  
  176  13:57  Zergling x6, Zerg Missile Weapons Level 2  
  176  13:59  Viper  
  176  14:00  Drone  
  179  14:06  Hatchery  
  179  14:08  Lurker x3  
  179  14:13  Zergling x2  
  179  14:14  Zergling x8  
  175  14:18  Zergling x10  
  172  14:26  Baneling x15  
  172  14:30  Viper x2  
  178  14:38  Baneling x7  
  178  14:43  Hydralisk, Lurker x2  
  178  14:44  Hydralisk x3  
  178  14:45  Zergling x2  
  187  14:53  Overseer  
  187  14:54  Baneling x2  
  187  14:56  Hydralisk x4  
  189  15:17  Zergling x14  
  189  15:18  Zergling x12  
  199  15:23  Lurker  
  199  15:28  Zergling x10  
  197  15:42  Zergling x18  
  200  15:45  Baneling x7  
  187  16:00  Zergling x2  
  187  16:01  Zergling x44  
  192  16:10  Zergling x6  
  188  16:17  Lurker  
  186  16:26  Lurker x2  
  186  16:27  Lurker x4  
Show
View Real Time Build Order
Export as new Build Order

cure Terran 

Build Orders: Reaper Expand, Hellion Banshee 

Get SALT Encoding   

  12  0:00  SCV  
  13  0:12  SCV  
  14  0:16  Supply Depot  
  14  0:24  SCV  
  15  0:38  SCV  
  15  0:40  Barracks  
  16  0:42  Refinery  
  16  0:50  SCV  
  17  1:02  SCV  
  18  1:14  SCV  
  19  1:26  Reaper  
  19  1:27  Orbital Command  
  20  1:39  Command Center  
  20  1:47  Supply Depot  
  20  1:52  SCV  
  21  1:58  Marine  
  22  2:04  SCV  
  23  2:11  Factory  
  23  2:17  SCV  
  23  2:20  Barracks Reactor  
  24  2:29  SCV  
  25  2:40  Command Center  
  25  2:41  SCV  
  26  2:50  Orbital Command  
  26  2:53  SCV  
  27  3:00  Starport  
  27  3:05  SCV  
  28  3:10  Hellion  
  28  3:11  Hellion  
  32  3:15  Refinery, Barracks Tech Lab  
  32  3:18  SCV x2  
  34  3:30  SCV  
  34  3:31  SCV  
  34  3:33  Hellion x2  
  40  3:42  SCV, Banshee  
  40  3:43  SCV, Marine  
  46  3:52  Orbital Command  
  46  3:54  SCV  
  46  3:55  SCV  
  48  3:59  Cloaking Field  
  48  4:04  Hellion, Supply Depot  
  48  4:05  Hellion  
  48  4:07  SCV  
  48  4:08  SCV  
  54  4:10  Barracks Tech Lab  
  54  4:15  Supply Depot  
  54  4:20  SCV x2, Orbital Command  
  56  4:25  Banshee  
  56  4:29  Marine  
  60  4:32  SCV x2  
  60  4:35  Supply Depot  
  62  4:41  Stimpack  
  62  4:42  Barracks  
  62  4:44  SCV x2  
  64  4:47  Barracks  
  64  4:49  SCV  
  64  4:50  Refinery  
  64  4:51  Refinery  
  65  4:53  Supply Depot  
  65  4:56  SCV x2, Marine  
  68  5:01  SCV  
  69  5:08  SCV x2, Engineering Bay x2  
  69  5:10  Factory Reactor  
  69  5:13  Marine  
  69  5:14  SCV, Supply Depot  
  73  5:18  Supply Depot  
  73  5:20  SCV  
  73  5:21  SCV  
  75  5:26  SCV  
  76  5:29  Starport Reactor  
  76  5:33  SCV x2  
  76  5:35  Marine x2  
  78  5:38  SCV, Marine  
  78  5:39  Terran Infantry Armor Level 1, Terran Infantry Weapons Level 1  
  82  5:45  SCV x2  
  84  5:53  Marine x4  
  84  5:55  Factory Reactor  
  84  5:56  Barracks  
  84  5:57  Barracks  
  88  5:59  SCV x3  
  91  6:09  Marine  
  91  6:10  Medivac x2  
  91  6:11  Marine x4  
  97  6:15  Supply Depot x2  
  97  6:18  SCV x3  
  103  6:25  Combat Shield  
  103  6:30  Refinery, Armory, Factory  
  103  6:31  Refinery, Marine x2  
  103  6:32  Marine x2  
  107  6:33  SCV  
  107  6:36  SCV  
  107  6:37  SCV  
  110  6:44  Widow Mine  
  110  6:45  Widow Mine, Barracks Reactor x2  
  114  6:48  Supply Depot  
  114  6:49  Supply Depot  
  114  6:55  Marine x4  
  114  6:56  Marine  
  114  6:59  Medivac x2  
  123  7:04  SCV x2  
  125  7:09  SCV  
  125  7:11  Supply Depot  
  125  7:13  Supply Depot  
  126  7:19  SCV x2  
  126  7:21  SCV  
  129  7:26  Marine x2  
  129  7:27  Marine x7  
  141  7:30  Widow Mine x2  
  141  7:35  Widow Mine, Medivac x2  
  147  7:38  Supply Depot  
  147  7:39  Supply Depot  
  147  7:52  Sensor Tower  
  147  7:54  Command Center  
  147  7:55  Marine x6  
  147  7:56  Widow Mine x2  
  157  8:00  Terran Infantry Weapons Level 2  
  157  8:09  Terran Infantry Armor Level 2  
  157  8:11  Marine x3  
  155  8:13  Marine x5  
  160  8:24  Marine  
  160  8:26  Widow Mine, Medivac  
  160  8:27  Widow Mine x2  
  160  8:29  Marine x3  
  160  8:31  Marine x2  
  160  8:34  Marine x3  
  166  8:38  Medivac  
  168  8:42  Marine  
  168  8:46  Marine  
  168  8:47  Marine x2  
  172  8:49  Widow Mine x2, Marine  
  172  8:50  Widow Mine  
  163  8:56  Medivac  
  153  9:07  Marine x2  
  153  9:09  Marine x6  
  138  9:11  Marine  
  138  9:15  Widow Mine x3, Barracks x3  
  137  9:19  SCV x3  
  140  9:25  Marine x2  
  140  9:26  Marine x2  
  140  9:27  Marine x4  
  140  9:29  Marine  
  150  9:31  SCV x3  
  150  9:34  Terran Vehicle And Ship Armor Level 1  
  150  9:36  Widow Mine  
  150  9:37  Widow Mine x2  
  158  9:43  Marine x2  
  158  9:45  Drilling Claws, Marine x4  
  164  9:46  Planetary Fortress  
  164  9:49  Sensor Tower  
  164  9:59  Marauder  
  172  10:00  Widow Mine x3, Medivac x2  
  172  10:06  Marine x4  
  172  10:15  Supply Depot x2  
  172  10:20  Barracks Tech Lab x3  
  172  10:22  Supply Depot x2  
  172  10:28  Marine x2  
  172  10:29  Marauder, Marine  
  165  10:39  Terran Infantry Weapons Level 3  
  165  10:43  Terran Infantry Armor Level 3  
  165  10:47  Factory Tech Lab  
  165  10:50  Marauder  
  165  10:54  Marauder x2, Marine x4  
  170  10:59  Siege Tank  
  170  11:01  Medivac x2  
  177  11:05  Marine x2  
  177  11:06  Marauder, Marine x2  
  177  11:09  Refinery  
  177  11:11  Supply Depot  
  178  11:12  Marauder  
  178  11:14  Marine x4  
  178  11:15  Marauder x2  
  178  11:16  Siege Tank  
  180  11:23  Marine  
  181  11:27  Marauder  
  181  11:28  Marine x2  
  184  11:33  Marauder  
  181  11:45  Command Center, Concussive Shells  
  181  11:48  Marine x2  
  181  11:49  Marauder x2, Marine x4  
  188  11:57  Supply Depot  
  188  12:10  Marine  
  189  12:18  Marine x2  
  189  12:19  Marauder x3  
  197  12:27  Marauder  
  197  12:30  Marine  
  197  12:32  Marine, Command Center  
  197  12:33  Marine  
  197  12:49  Marine x3, Siege Tank  
  197  12:52  Marauder  
  197  12:53  Marine  
  197  12:55  Marine  
  197  12:56  Marauder x2, Marine  
  197  12:57  Medivac x2  
  197  12:58  Marine x2, Siege Tank  
  197  13:02  Marine  
  179  13:07  Marine x3  
  179  13:13  Marauder  
  179  13:14  Marine x2  
  179  13:15  Marine  
  179  13:18  Marauder x2  
  180  13:21  Siege Tank  
  180  13:26  Medivac  
  185  13:27  Medivac  
  185  13:33  Marine x4  
  191  13:34  Marauder x2  
  192  13:45  Marauder, Marine x4  
  192  13:46  Marauder  
  192  13:47  Siege Tank  
  174  13:51  Marine x2  
  174  13:54  Siege Tank  
  166  13:56  Medivac  
  166  13:57  Medivac  
  166  13:59  Marine x2  
  166  14:00  Marauder  
  163  14:03  Marine x2  
  163  14:04  Marine x2  
  165  14:16  Marine x2  
  154  14:17  Marauder  
  154  14:20  Siege Tank  
  149  14:25  Marine  
  149  14:26  Marauder  
  152  14:33  Marauder, Marine  
  155  14:41  Marine x3  
  152  14:54  Marine x2  
  152  14:55  Marauder  
  152  14:56  Orbital Command  
  152  14:58  Marine x2  
  158  15:19  Marauder x2, Marine x3  
  157  15:30  Marine x3  
  157  15:31  Marauder x2  
  157  15:33  Marine  
  157  15:34  Marine  
  150  15:42  Marine x2  
  150  15:43  Marauder, Marine  
  150  15:47  Marauder  
  150  15:48  Marine  
  150  15:49  Marine  
  159  15:53  Marine x3  
  151  16:02  Marine  
  134  16:08  Marine x2  
Tags
 
Add a new tag
Caveats
  • Supply blocks, unpowered buildings, or Contaminate may cause inaccurate times.
  • Supply counts are checked every 10 seconds.